 Dungeon Crawl Stone Soup version 0.27-a0-1232-gc6a4cbde82 (webtiles) character file.

Game seed: 16338277730668817986

1620 Strat the Carver (level 8, -3/69 HPs)
             Began as a Green Draconian Artificer on June 8, 2021.
             Was a Priest of Elyvilon.
             Killed by divine providence
             ... invoked by an orc priest
              (7 damage)
             ... on level 7 of the Dungeon.
             The game lasted 00:22:05 (8206 turns).

Strat the Carver (Green Draconian Artificer)        Turns: 8206, Time: 00:22:06

Health: -3/69      AC:  8    Str: 15    XL:     8   Next: 64%
Magic:  11/11      EV: 12    Int: 13    God:    Elyvilon [***...]
Gold:   245        SH:  0    Dex: 12    Spells: 7/7 levels left

rFire    . . .     SeeInvis .   a - +2 scimitar (flame)
rCold    . . .     Faith    .   i - +0 buckler
rNeg     . . .     Spirit   .   (armour unavailable)
rPois    +         Reflect  .   (helmet restricted)
rElec    .         Harm     .   m - +1 cloak
rCorr    .         Rampage  .   (no gloves)
Will     +....                  (no boots)
Stlth    +.........             (no amulet)
HPRegen  0.21/turn              t - ring of willpower
MPRegen  0.12/turn              (no ring)

@: confused, very slightly contaminated, invisible
A: breathe noxious fumes, AC +6, unfitting armour, poison resistance,
cold-blooded, mutation resistance 1
a: Breathe Noxious Fumes, Renounce Religion, Lesser Healing, Heal Other,
Purification, Divine Protection


You were on level 7 of the Dungeon.
You worshipped Elyvilon.
Elyvilon was most pleased with you.
You visited 1 branch of the dungeon, and saw 8 of its levels.

You collected 245 gold pieces.

Inventory:

Hand Weapons
 a - a +2 scimitar of flaming (weapon)
 b - a +0 hunting sling
Missiles
 j - 103 stones (quivered)
 o - 7 javelins
 p - 11 poisoned darts
Armour
 i - a +0 buckler (worn)
 m - a +1 cloak (worn)
Jewellery
 t - a ring of willpower (left hand)
Wands
 c - a wand of charming (23)
 g - a wand of flame (16)
 k - a wand of polymorph (4)
Potions
 e - 2 potions of might
 r - 3 potions of flight
 v - 3 potions of lignification
Miscellaneous
 d - a piece from Xom's chessboard (15/15)


   Skills:
 - Level 5.5 Fighting
 + Level 11.5 Long Blades
 - Level 2.1 Dodging
 - Level 0.8 Stealth
 - Level 4.0 Shields
 + Level 4.7 Invocations
 - Level 3.0 Evocations


You had 7 spell levels left.
You didn't know any spells.
Your spell library contained the following spells:

 Spells                   Type           Power      Damage    Failure   Level
 Animate Skeleton         Necr           0%         N/A       30%         1
 Pain                     Necr           0%         1d4       30%         1
 Vampiric Draining        Necr           0%         2d6       67%         3
 Animate Dead             Necr           0%         N/A       97%         4
 Agony                    Necr           0%         N/A       100%        5


Dungeon Overview and Level Annotations

Branches:
Dungeon (8/15)
 Temple: D:4-7         Lair: D:8-11

Altars:
Cheibriados
Elyvilon
Gozag
Kikubaaqudgha
Wu Jian
Xom
Yredelemnul
Zin

Shops:
D:2 !

Annotations:
D:5 Grinder


Innate Abilities, Weirdness & Mutations

You can breathe blasts of noxious fumes.
Your lurid green scales are hard. (AC +6)
You cannot fit into any form of body armour.
Your system is resistant to poisons. (rPois)
You are cold-blooded and may be slowed by cold attacks.
You are somewhat resistant to further mutation.


Message History

The orc dies!
Something hits you but does no damage.
You bump into the rock wall.
The centaur shoots an arrow.
The arrow closely misses you. Something hits you.
* * * LOW HITPOINT WARNING * * *
The centaur shoots an arrow.
The arrow hits you.
* * * LOW HITPOINT WARNING * * *
An orc comes into view. It is wielding a +0 short sword.
An orc wizard comes into view. It is wielding a +0 dagger.
The orc wizard shouts!
The centaur unwields a +0 shortbow.
The centaur hits you.
* * * LOW HITPOINT WARNING * * *
The centaur kicks you but does no damage.
An orc priest comes into view. It is wielding a +0 dagger.
The orc hits you with a +0 short sword.
* * * LOW HITPOINT WARNING * * *
Found 5 gold pieces.
Things that are here:
a +0 club; a +0 chain mail You miss something.
The centaur barely misses you. The centaur closely misses you.
You hear some strange, mumbled words.
A puff of flame appears from out of thin air!
The puff of flame hits you!
* * * LOW HITPOINT WARNING * * *
The centaur hits you.
* * * LOW HITPOINT WARNING * * *
The centaur closely misses you.
It was a potion of invisibility.
You fade into invisibility!
The centaur zaps a wand.
Your will is overpowered!
You are more confused.
Something hits you but does no damage.
You are very lightly contaminated with residual magic.
It was a potion of mutation.
You feel extremely strange.
You feel genetically stable.
The centaur zaps a wand.
You resist with almost no effort.
The orc priest calls down the wrath of Beogh upon you.
Beogh smites you!
You die...

... [. .. ##. #
#.. ..
#..###.###...#
#.....cooo.$#
#@# #{# #>#
......)).......
###########.##.


You could see a centaur, an orc priest, an orc wizard and an orc.

Vanquished Creatures
  A steam dragon (D:8)
  Menkaure (D:5)
  Purgy (D:4)
  3 ice beasts
  An orc warrior (D:8)
  A centaur (D:8)
  A bullfrog (D:8)
  A wyvern zombie (D:5)
  A water moccasin zombie (D:5)
  A bullfrog zombie (D:5)
  A hound (D:5)
  3 orc priests (D:8)
  A bullfrog skeleton (D:5)
  A jelly (D:5)
  A centaur skeleton (D:5)
  An iguana (D:5)
  Natasha (thrice) (D:4)
  Ijyb (D:5)
  An orc wizard (D:8)
  Robin (D:4)
  A howler monkey skeleton (D:5)
  4 adders
  A worm (D:3)
  2 dart slugs
  16 orcs
  7 ball pythons
  5 bats
  9 endoplasms
  4 giant cockroaches
  15 goblins
  3 hobgoblins
  6 jackals (D:1)
  3 kobolds
  5 quokkas
  A frilled lizard (D:2)
  2 quokka skeletons (D:4)
  5 rats
115 creatures vanquished.

Vanquished Creatures (others)
  A human (D:4)
  An orc (D:7)
2 creatures vanquished.

Grand Total: 117 creatures vanquished

Notes
Turn   | Place    | Note
-------+----------+-------------------------------------------
     0 | D:1      | Strat the Draconian Artificer began the quest for the Orb.
     0 | D:1      | Reached XP level 1. HP: 16/16 MP: 1/1
   421 | D:1      | Reached XP level 2. HP: 25/25 MP: 2/2
  1166 | D:1      | Reached XP level 3. HP: 27/31 MP: 3/3
  1647 | D:2      | Found a white marble altar of Elyvilon.
  1687 | D:2      | Became a worshipper of Elyvilon the Healer
  2004 | D:2      | Found Rin Lusitt's Distillery.
  2446 | D:2      | Reached skill level 1 in Shields
  2594 | D:2      | Found a faded altar of an unknown god.
  2726 | D:3      | Reached XP level 4. HP: 40/40 MP: 4/4
  2733 | D:3      | Reached * piety under Elyvilon
  3424 | D:4      | Noticed Natasha
  3615 | D:4      | Reached skill level 11 in Long Blades
  3615 | D:4      | Reached XP level 5. HP: 46/46 MP: 5/5
  3964 | D:4      | Found an ancient bone altar of Kikubaaqudgha.
  4045 | D:4      | Killed Natasha
  4111 | D:4      | Reached ** piety under Elyvilon
  4209 | D:4      | Noticed Purgy
  4249 | D:4      | Noticed a human
  4250 | D:4      | Killed a human
  4299 | D:4      | Noticed Natasha
  4330 | D:4      | Killed Natasha
  4331 | D:4      | Reached XP level 6. HP: 14/53 MP: 6/6
  4469 | D:4      | Noticed Natasha
  4975 | D:4      | Killed Natasha
  5176 | D:4      | Reached skill level 1 in Invocations
  5325 | D:5      | Entered Level 5 of the Dungeon
  5368 | D:5      | Noticed Grinder
  5475 | D:5      | Noticed Menkaure
  5583 | D:5      | Noticed Ijyb
  5597 | D:5      | Killed Ijyb
  5879 | D:5      | Your scales start taking on a lurid green colour.
  5879 | D:5      | Reached XP level 7. HP: 50/60 MP: 8/8
  5879 | D:5      | Gained mutation: Your system is resistant to poisons.
                  | (rPois) [Green Draconian growth]
  5979 | D:5      | Killed Menkaure
  5980 | D:5      | Reached skill level 5 in Fighting
  6460 | D:4      | Killed Purgy
  6658 | D:4      | Noticed Robin
  6665 | D:4      | Killed Robin
  6914 | D:5      | Reached *** piety under Elyvilon
  6916 | D:5      | Found a snail-covered altar of Cheibriados.
  6917 | D:5      | Found an ornate altar of the Wu Jian Council.
  6990 | D:5      | Found a glowing silver altar of Zin.
  6993 | D:5      | Found a glowing silver altar of Zin.
  6993 | D:5      | Found a shimmering altar of Xom.
  6995 | D:5      | Found an opulent altar of Gozag.
  6995 | D:5      | Found an ornate altar of the Wu Jian Council.
  6995 | D:5      | Found a basalt altar of Yredelemnul.
  7084 | D:6      | You fall into a shaft and drop 2 floors!
  7112 | D:8      | Noticed Maggie
  7115 | D:8      | Noticed Maggie
  7115 | D:8      | Maggie changed into Maggie the ice beast
  7141 | D:8      | Killed Maggie the ice beast
  7433 | D:8      | Reached XP level 8. HP: 69/69 MP: 10/10
  7459 | D:8      | Found a glowing silver altar of Zin.
  8204 | D:7      | HP: 3/69 [centaur (1)]
  8206 | D:7      | Gained mutation: You are somewhat resistant to further
                  | mutation. [potion of mutation]
  8206 | D:7      | Killed from afar by an orc priest

Illustrated notes

Levels and vault maps discovered:
D:1:      mrwooster_arrival_statue_3, layout_basic
D:2:      layout_basic, basic_altar, serial_shops, shop,
          shapermc_ecumenical_altar_mp_vishouse
D:3:      layout_loops_ring
D:4:      layout_basic, tgw_kikubaaqudgha, uniq_robin, uniq_natasha, uniq_purgy
D:5:      layout_loops_ring, doesnt_xom_only_xom,
          chequers_temple_overflow_statue_of_worship, uniq_grinder,
          uniq_menkaure, uniq_ijyb, uniq_crazy_yiuf_cottage
D:6:      layout_loops_cross, old_standard_altar, serial_shops, kennysheep_mini,
          shop
D:7:      layout_loops_ring, minmay_temple_entry_stoned_glass, uniq_harold
D:8:      layout_cave_pods, lemuel_tele_altar, kennysheep_flooded_box,
          chequers_avenue, uniq_maggie

Skill      XL: |  1  2  3  4  5  6  7  8 |
---------------+-------------------------+-----
Fighting       | 2 3 4 5 |  5.5
Shields        | 1 2 3 4 |  4.0
Long Blades    | 11 | 11.5
Invocations    | 1 3 4 |  4.7
Dodging        | |  2.1
Stealth        | |  0.8
Evocations     | |  3.0

Action                   |  1- 3 |  4- 6 |  7- 9 || total
-------------------------+-------+-------+-------++-------
Melee: Club              |    38 |       |       ||    38
       Tailslap          |    11 |    20 |    14 ||    45
       Short sword       |    96 |       |       ||    96
       Long sword        |    31 |   157 |    62 ||   250
       Scimitar          |       |       |    58 ||    58
 Fire: Hunting sling     |       |    10 |    17 ||    27
 Abil: Breathe Noxious F |       |       |     4 ||     4
Evoke: Wand              |    10 |     6 |     1 ||    17
       Piece from Xom's  |       |     1 |       ||     1
  Use: Scroll            |       |    11 |     3 ||    14
       Potion            |       |     2 |     2 ||     4
 Stab: Sleeping          |     4 |       |       ||     4
       Confused          |       |       |     2 ||     2
Armor: Skin              |    58 |    67 |    57 ||   182
Dodge: Dodged            |   128 |    75 |    73 ||   276
Block: Buckler           |     7 |    25 |    24 ||    56
       Rpst.: Long sword |     7 |    23 |     6 ||    36
       Scimitar          |       |       |    10 ||    10

Table legend: (Time is in decaauts)
 A = Elapsed time spent in this place.
 B = Non-inter-level travel time spent in this place.
 C = Inter-level travel time spent in this place.
 D = Time resting spent in this place.
 E = Time spent auto-exploring this place.
 F = Levels seen in this place.
 G = Mean time per level.
                   A        B        C        D        E       F      G
               +--------+--------+--------+--------+--------+-----+--------+
         Total |   8231 |   7806 |    425 |   2420 |   3175 |   8 | 1028.9 |
       Dungeon |   8231 |   7806 |    425 |   2420 |   3175 |   8 | 1028.9 |
               +--------+--------+--------+--------+--------+-----+--------+

Top non-repeatable levels by time:
     D:4: 1788 daAuts
     D:1: 1575 daAuts
     D:5: 1415 daAuts
     D:3: 1233 daAuts
     D:2: 1108 daAuts
     D:8: 1076 daAuts
     D:7: 26 daAuts
     D:6: 7 daAuts
